 Dungeon Crawl Stone Soup version 0.28-a0-511-gcc94558de3 (webtiles) character file.

Game seed: 4290815241395352738

66 siradein the Bolt Thrower (level 3, 0/30 HPs)
             Began as a Minotaur Hunter on Sept 21, 2021.
             Succumbed to an adder's poison
             ... on level 2 of the Dungeon.
             The game lasted 00:03:40 (1203 turns).

siradein the Bolt Thrower (Minotaur Hunter)         Turns: 1203, Time: 00:03:41

Health: 0/30       AC:  6    Str: 16    XL:     3   Next: 96%
Magic:  2/2        EV: 11    Int:  8    God:
Gold:   37         SH:  0    Dex: 11    Spells: 2/2 levels left

rFire   + . .      SeeInvis .   j - +2 mace (drain)
rCold   . . .      Faith    .   (no shield)
rNeg    . . .      Spirit   .   b - +1 ring mail {rF+}
rPois   .          Reflect  .   (helmet restricted)
rElec   .          Harm     .   (no cloak)
rCorr   .          Rampage  .   (no gloves)
Will    .....                   (no boots)
Stlth   +.........              (no amulet)
HPRegen 0.10/turn               (no ring)
MPRegen 0.08/turn               (no ring)

@: lethally poisoned (0 -> -5)
A: horns 2, retaliatory headbutt
a: no special abilities


You were on level 2 of the Dungeon.
You visited 1 branch of the dungeon, and saw 2 of its levels.

You collected 37 gold pieces.

Inventory:

Hand Weapons
 a - a +1 hand crossbow
 j - a +2 mace of draining (weapon)
Missiles
 d - 35 bolts
 l - 19 arrows
Armour
 b - a +1 ring mail of fire resistance (worn)
Jewellery
 k - a ring of positive energy
Scrolls
 e - a scroll of teleportation {unknown}
 f - a scroll of noise {unknown}
 h - a scroll of enchant armour {unknown}
Potions
 c - a potion of curing {unknown}
 g - a potion of might {unknown}
 i - a potion of brilliance {unknown}


   Skills:
 - Level 2.4 Fighting
 + Level 6.1 Crossbows
 - Level 2.1 Dodging
 - Level 0.7 Stealth


You had 2 spell levels left.
You didn't know any spells.
Your spell library was empty.

Dungeon Overview and Level Annotations

Branches:
Dungeon (2/15)

Altars:


Innate Abilities, Weirdness & Mutations

You have a pair of horns on your head.
You reflexively headbutt those who attack you in melee.


Message History

You are no longer poisoned.
The adder bites you. The adder barely misses you. You furiously retaliate!
You headbutt the adder. You barely miss the adder.
Your headbutt misses the adder.
The adder is heavily wounded.
The adder misses you. The adder barely misses you.
You barely miss the adder.
The adder is heavily wounded.
The adder bites you.
You are poisoned.
The adder poisons you!
You are too injured to fight recklessly!
You are too injured to fight recklessly!
You are too injured to fight recklessly!
You are too injured to fight recklessly!
You are too injured to fight recklessly!
You feel sick. The adder misses you.
You feel sick.
You feel sick.
You barely miss the adder.
The adder is heavily wounded.
You feel sick. The adder bites you.
* * * LOW HITPOINT WARNING * * *
You are more poisoned.
The adder poisons you! The adder closely misses you. You furiously retaliate!
You headbutt the adder, but do no damage.
You miss the adder. Your headbutt misses the adder.
The adder is heavily wounded.
* * * LOW HITPOINT WARNING * * *
You feel very sick. The adder bites you.
* * * LOW HITPOINT WARNING * * *
The adder barely misses you.
You thump the adder!
You kill the adder!
* * * LOW HITPOINT WARNING * * *
You feel sick.
You hit the goblin. You drain the goblin.
You kill the goblin!
You die...

##.## ... ...
... #.. #.# #.#
#.# #.# #####
#†# . #.#
#...####.##....
#.#
#....@).........
#.#
#...###..##.....
####.## ##.##
#.## ....
.(....# #.# #..
... ####..# #.#
##.# .# ####..#
#)# .# # .....>#
#.# .# <######
#.# .# .# #.#


There were no monsters in sight!

Vanquished Creatures
  3 adders (D:2)
  2 dart slugs (D:1)
  3 endoplasms
  2 giant cockroaches
  3 goblins
  4 hobgoblins
  3 jackals (D:2)
  A quokka (D:2)
  9 bats
  A frilled lizard (D:1)
  3 kobolds
  3 rats
37 creatures vanquished.

Notes
Turn   | Place    | Note
-------+----------+-------------------------------------------
     0 | D:1      | siradein the Minotaur Hunter began the quest for the Orb.
     0 | D:1      | Reached XP level 1. HP: 18/18 MP: 0/0
    61 | D:1      | Reached XP level 2. HP: 23/25 MP: 1/1
   144 | D:1      | Reached skill level 5 in Crossbows
   987 | D:2      | Reached XP level 3. HP: 29/30 MP: 2/2
  1192 | D:2      | Reached skill level 6 in Crossbows
  1202 | D:2      | HP: 1/30 [poisoned by an adder]
  1203 | D:2      | Succumbed to an adder's poison

Illustrated notes

Levels and vault maps discovered:
D:1:      dpeg_arrival_arbitrary_c, layout_basic
D:2:      layout_loops_ring, hellmonk_ecumenical_altar_crossroads

Skill      XL: |  1  2  3 |
---------------+----------+-----
Crossbows      | 5 6 |  6.1
Fighting       | |  2.4
Dodging        | |  2.1
Stealth        | |  0.7

Action                   || total
-------------------------++-------
Melee: Short sword       ||    21
       Mace              ||    55
       Headbutt          ||     4
 Fire: Hand crossbow     ||     6
Armor: Ring mail         ||    42
Dodge: Dodged            ||    67

Table legend: (Time is in decaauts)
 A = Elapsed time spent in this place.
 B = Non-inter-level travel time spent in this place.
 C = Inter-level travel time spent in this place.
 D = Time resting spent in this place.
 E = Time spent auto-exploring this place.
 F = Levels seen in this place.
 G = Mean time per level.
                   A        B        C        D        E       F      G
               +--------+--------+--------+--------+--------+-----+--------+
         Total |   1228 |   1228 |      0 |      0 |    852 |   2 |  614.0 |
       Dungeon |   1228 |   1228 |      0 |      0 |    852 |   2 |  614.0 |
               +--------+--------+--------+--------+--------+-----+--------+

Top non-repeatable levels by time:
     D:1: 779 daAuts
     D:2: 448 daAuts
